 Dungeon Crawl Stone Soup version 0.19-a0-1891-ge1d1fe8 (webtiles) character file.

47 Minion the Magician (level 3, -3/24 HPs)
             Began as a Mummy Fire Elementalist on Oct 18, 2016.
             Hit by a large rock thrown by a cyclops (27 damage)
             ... on level 1 of the Dungeon.
             The game lasted 00:08:43 (6909 turns).

Minion the Magician (Mummy Fire Elementalist)       Turns: 6909, Time: 00:08:44

Health: -3/24      AC:  3    Str: 11    XL:     3   Next: 48%
Magic:  5/7        EV: 12    Int: 15    God:
Gold:   79         SH:  2    Dex: 12    Spells: 2 memorised, 5 levels left

rFire  x . .     SeeInvis .     (no weapon)
rCold  + . .     Gourm    .     a - +0 robe
rNeg   + + +     Faith    .     (no shield)
rPois  ∞         Spirit   .     (no helmet)
rElec  .         Reflect  +     (no cloak)
rCorr  .         Harm     .     e - +0 pair of gloves
MR     .....                    (no boots)
Stlth  +++.......               m - +2 amulet of reflection
                                (no ring)
                                c - ring of stealth

@: no status effects
A: no food or potions, fire vulnerability, cold resistance 1, negative energy
resistance 3, torment resistance, unbreathing
a: no special abilities


You were on level 1 of the Dungeon.
You were not hungry.

You visited 1 branch of the dungeon, and saw 2 of its levels.

You collected 79 gold pieces.

Inventory:

Armour
 a - a +0 robe (worn)
 e - a +0 pair of gloves (worn)
Jewellery
 c - a ring of stealth (left hand)
 m - a +2 amulet of reflection (around neck)
Scrolls
 d - 2 scrolls of teleportation {unknown}
 g - 3 scrolls of identify {unknown}
 h - a scroll of fog {unknown}
 i - a scroll of remove curse {unknown}
 j - a scroll of amnesia {unknown}
 k - a scroll of noise {unknown}
 l - a scroll of immolation {unknown}
Books
 b - a book of Flames

   Spells                             Type                      Level
   a - Flame Tongue                   Conjuration/Fire             1
   b - Throw Flame                    Conjuration/Fire             2
   c - Conjure Flame                  Conjuration/Fire             3
   d - Inner Flame                    Hexes/Fire                   3
   e - Sticky Flame                   Conjuration/Fire             4
   f - Fireball                       Conjuration/Fire             5


   Skills:
 - Level 1.5 Dodging
 - Level 1.5 Stealth
 + Level 3.4 Spellcasting
 - Level 0.7 Conjurations
 + Level 2.6 Fire Magic


You had 5 spell levels left.
You knew the following spells:

 Your Spells              Type           Power        Failure   Level  Hunger
a - Flame Tongue          Conj/Fire      #....        12%         1    N/A
b - Throw Flame           Conj/Fire      #.....       14%         2    N/A

Dungeon Overview and Level Annotations

Branches:
Dungeon (2/15)

Altars:
Qazlal


Innate Abilities, Weirdness & Mutations

You do not eat or drink.
Your flesh is vulnerable to fire.
You are immune to poison.
Your flesh is cold resistant. (rC+)
You are immune to negative energy. (rN+++)
You are immune to unholy pain and torment.
You can survive without breathing.


Message History

There is a stone staircase leading down here.
You start resting.
Magic restored.
You start resting.
HP restored.
You start waiting.
Done waiting.
You start waiting.
A cyclops comes into view.
A cyclops is nearby!
Casting: Throw Flame
Confirm with . or Enter, or press ? or * to list all spells.
Aiming: Throw Flame
Press: ? - help, Shift-Dir - straight line, f - cyclops
Aim: a cyclops (hasn't noticed you)
The puff of flame hits the cyclops.
The cyclops is lightly wounded.
The cyclops shouts!
The cyclops throws a large rock.
The large rock hits you!!
Ouch! That really hurt!
You die...

#..........# #..........#
#...%......# #..........#
........%.)# ######[....#
######### #.....# #.......#
##### #)....# #.......# #...#
###.########)@)....# #...#
#.....C.....#'##..## #...#
###.#.#######.#)###.####...#####
#...#.# #.#.................
#.###w# #.#.###.####..)##### #.#
#.# #.#.# #..# #...#
#.###.#######.#.# ##.###...####
#.....##......#.# #..##......#
########.######.# ##.##......##


You could see a cyclops.

Vanquished Creatures
  2 oozes (D:1)
  A dart slug (D:1)
  A leopard gecko (D:1)
  9 hobgoblins
  A quokka (D:2)
  6 bats
  4 frilled lizards (D:1)
  5 goblins (D:1)
  4 kobolds (D:1)
  5 rats (D:1)
38 creatures vanquished.

Vanquished Creatures (others)
  A hobgoblin (D:2)
1 creature vanquished.

Grand Total: 39 creatures vanquished

Notes
Turn   | Place    | Note
-------+----------+-------------------------------------------
     0 | D:1      | Minion the Mummy Fire Elementalist began the quest for the Orb.
     0 | D:1      | Reached XP level 1. HP: 13/13 MP: 3/3
   373 | D:1      | Reached XP level 2. HP: 19/19 MP: 1/5
   419 | D:1      | Learned a level 2 spell: Throw Flame
   715 | D:1      | Reached skill level 3 in Spellcasting
  2552 | D:2      | Found a stormy altar of Qazlal.
  3046 | D:2      | Reached XP level 3. HP: 24/24 MP: 0/7
  6909 | D:1      | Noticed a cyclops
  6909 | D:1      | Hit by a large rock thrown by a cyclops

Vault maps used:
D:1:      dpeg_arrival_pits
D:2:      grunt_qazlal_clouds

Skill      XL: |  1  2 |
---------------+-------+-----
Spellcasting   | 3 |  3.4
Dodging        | |  1.5
Stealth        | |  1.5
Conjurations   | |  0.7
Fire Magic     | |  2.6

Action                   || total
-------------------------++-------
Melee: Unarmed           ||    25
 Cast: Flame Tongue      ||    15
       Throw Flame       ||    57
Armor: Robe              ||    13
Dodge: Dodged            ||    24
Block: Other             ||     4
